 Dungeon Crawl Stone Soup version 0.30-a0-918-g0ff054e9dc (webtiles) character file.

Game seed: 10370162414909296156

281 mopl the Shooter (level 6, -6/48 HPs)
             Began as a Barachi Hunter on Mar 20, 2023.
             Was an Initiate of Okawaru.
             Mangled by Pikel
             ... wielding a +2 whip of electrocution
              (10 damage)
             ... on level 4 of the Dungeon.
             The game lasted 00:04:39 (2980 turns).

mopl the Shooter (Barachi Hunter)                   Turns: 2980, Time: 00:04:40

Health: -6/48      AC:  9    Str: 14    XL:     6   Next: 27%
Magic:  6/6        EV: 10    Int:  9    God:    Okawaru [......]
Gold:   265        SH:  0    Dex: 16    Spells: 5/5 levels left

rFire   . . .      SeeInvis +    a - +0 shortbow
rCold   . . .      Faith    .    (shield currently unavailable)
rNeg    . . .      Spirit   .    f - +0 scale mail
rPois   .          Reflect  .    l - +0 helmet
rElec   .          Rampage  .    (no cloak)
rCorr   .                        (no gloves)
Will    .....                    i - +0 pair of boots Stlth
                                 (no amulet)
HPRegen 0.28/turn                j - ring of wizardry
MPRegen 0.10/turn                A - ring of see invisible

@: unable to hop, slow
A: amphibious, slowness 1, strong legs 1, +LOS
a: Hop, Renounce Religion


You were on level 4 of the Dungeon.
You worshipped Okawaru.
Okawaru was noncommittal.
You visited 2 branches of the dungeon, and saw 6 of its levels.

You collected 265 gold pieces.

Inventory:

Hand Weapons
 a - a +0 shortbow (weapon)
 z - the +6 rapier of Jeotaloss {protect, Drain *Slow rN+++ rCorr}
   (You found it on level 3 of the Dungeon)

   rN:        It renders you almost immune to negative energy.
   rCorr:     It protects you from acid and corrosion.
   Drain:     It drains your maximum health when unequipped.
   *Slow:     It may slow you when you take damage.
Missiles
 d - 2 boomerangs
 e - 12 poisoned darts
Armour
 f - a +0 scale mail (worn)
 i - a +0 pair of boots (worn)
 l - a +0 helmet (worn)
 s - a +0 plate armour
Jewellery
 j - a ring of wizardry (left hand)
 r - a ring of fire
 A - a ring of see invisible (right hand)
Scrolls
 b - 2 scrolls of immolation
 g - a scroll of fog {unknown}
 h - a scroll of magic mapping
 k - 5 scrolls of teleportation {unknown}
 t - a scroll of amnesia {unknown}
 u - a scroll of noise {unknown}
 v - a scroll of silence {unknown}
 x - a scroll of identify {unknown}
 y - a scroll of blinking {unknown}
 B - a scroll of poison {unknown}
Potions
 c - 2 potions of curing {unknown}
 m - a potion of flight {unknown}
 n - 2 potions of magic {unknown}
 o - a potion of resistance {unknown}
 p - a potion of mutation {unknown}
 q - 2 potions of heal wounds {unknown}
 w - a potion of haste {unknown}


   Skills:
 + Level 4.0 Fighting
 * Level 5.5 Ranged Weapons
 + Level 3.0 Armour
 + Level 3.6 Dodging
 - Level 0.8 Stealth
 + Level 0.5 Invocations


You had 5 spell levels left.
You didn't know any spells.
Your spell library contained the following spells:

 Spells                   Type           Power      Damage    Failure   Level
 Sandblast                Erth           0%         2d4       52%         1
 Shock                    Conj/Air       0%         1d3       52%         1
 Sting                    Tmut/Pois      0%         1d3       52%         1
 Passwall                 Tmut/Erth      0%         N/A       65%         2
 Poisonous Vapours        Pois/Air       0%         N/A       65%         2
 Stone Arrow              Conj/Erth      0%         3d7       86%         3
 Swiftness                Air            0%         N/A       86%         3
 Airstrike                Air            0%         2d(0-16)  99%         4
 Olgreb's Toxic Radiance  Pois           0%         N/A       99%         4
 Summon Small Mammal      Summ           Unusable   N/A       N/A         1
 Call Canine Familiar     Summ           Unusable   N/A       N/A         3
 Summon Guardian Golem    Hex/Summ       Unusable   N/A       N/A         3

Dungeon Overview and Level Annotations

Branches:
Dungeon (5/15)             Temple (1/1) D:4

Altars:
Ashenzari
Elyvilon
Fedhas
Gozag
Hepliaklqana
Makhleb
Nemelex Xobeh
Okawaru
Qazlal
Ru
Sif Muna
Trog
Uskayaw
Vehumet
Wu Jian
Xom
Yredelemnul
Zin
The Shining One

Annotations:
D:4 Pikel


Innate Abilities, Weirdness & Mutations

You are amphibious.
You cover ground slowly.
You can hop short distances.
You have an extended range of vision and can be seen from far away.


Message History

There is an open door, spattered with blood here.
There is a staircase to the Ecumenical Temple here.
There is a stone staircase leading down here.
You climb downwards.
Pikel shouts!
The lemure shouts! x4; The ufetubus shouts!
The lemure hits you. x2
Found three items.
There is a stone staircase leading up, spattered with blood here.
Unknown command.
Pikel hits you with a +2 whip of electrocution.
The lemure hits you but does no damage. The lemure hits you.
You climb upwards.
There is a stone staircase leading down here.
Hop to where?
Press: ? - help, Dir - move target Boing!
Okay, then.
Okay, then.
You shoot an arrow.
The arrow hits Pikel but does no damage.
You shoot an arrow. The arrow closely misses Pikel.
You shoot an arrow. The arrow hits Pikel.
Pikel is lightly wounded.
Pikel hits you with a +2 whip of electrocution. x2
The lemure closely misses you. The lemure closely misses you.
The lemure attacks as you move away! The lemure barely misses you.
Pikel attacks as you move away! Pikel barely misses you.
The lemure attacks as you move away! The lemure hits you but does no damage.
Pikel hits you with a +2 whip of electrocution.
You are electrocuted!
The lemure hits you.
* * * LOW HITPOINT WARNING * * *
The lemure attacks as you move away! The lemure barely misses you.
There is an open door here.
As you read the scroll labelled UCSUGR CAOSTRIE, it crumbles to dust.
You feel momentarily disoriented.
It was a scroll of magic mapping.
Pikel hits you with a +2 whip of electrocution!
* * * LOW HITPOINT WARNING * * *
You are electrocuted!
You die...

..#...##.##.##....#
..######.##.##....#
..# #.....#.....#
..# #.....#.....#
### #.....'.....#
..# #.....#.....#
..# #.....#.....#
..# #.....#.....#
################@###
..............5K...#
...............5...#
...................#
...................#
...................#
........>..........#
...................#
####################


You could see Pikel and 2 lemures.

Vanquished Creatures
  A phantom (D:4)
  A hound (D:4)
  A sleepcap (D:4)
  An orc wizard (D:4)
  4 adders
  An ufetubus (D:4)
  3 dart slugs
  2 worms
  6 orcs
  6 endoplasms
  3 giant cockroaches
  9 goblins
  3 hobgoblins
  6 jackals
  5 quokkas
  4 ball pythons
  4 bats
  4 frilled lizards
  2 rats
66 creatures vanquished.

Vanquished Creatures (others)
  A fungus (D:4)
  4 toadstools (D:4)
5 creatures vanquished.

Grand Total: 71 creatures vanquished

Notes
Turn   | Place    | Note
-------+----------+-------------------------------------------
     0 | D:1      | mopl the Barachi Hunter began the quest for the Orb.
     0 | D:1      | Reached XP level 1. HP: 17/17 MP: 1/1
   312 | D:1      | Reached XP level 2. HP: 23/23 MP: 2/2
   609 | D:2      | Found an ornate altar of the Wu Jian Council.
   667 | D:2      | Reached skill level 1 in Armour
   752 | D:2      | Reached XP level 3. HP: 26/28 MP: 3/3
   882 | D:2      | Reached skill level 3 in Fighting
  1124 | D:2      | Reached XP level 4. HP: 35/35 MP: 4/4
  1704 | D:3      | Reached skill level 3 in Dodging
  1856 | D:3      | Identified the +6 rapier of Jeotaloss {protect, Drain *Slow
                  | rN+++ rCorr}
  1951 | D:4      | Found a hazy altar of Hepliaklqana.
  1961 | D:4      | Reached skill level 2 in Armour
  1966 | D:4      | Noticed a phantom
  1996 | D:4      | Killed a phantom
  1997 | D:4      | Reached skill level 5 in Ranged Weapons
  1997 | D:4      | Reached XP level 5. HP: 11/42 MP: 5/5
  2273 | D:4      | Found a staircase to the Ecumenical Temple.
  2283 | Temple   | Entered the Ecumenical Temple
  2354 | Temple   | Became a worshipper of Warmaster Okawaru
  2460 | D:4      | Reached XP level 6. HP: 45/48 MP: 6/6
  2802 | D:5      | Entered Level 5 of the Dungeon
  2838 | D:4      | Reached skill level 4 in Fighting
  2838 | D:4      | Reached skill level 3 in Armour
  2968 | D:5      | Noticed Pikel
  2980 | D:4      | Mangled by Pikel

Illustrated notes

Levels and vault maps discovered:
D:1:      dpeg_arrival_long_road, layout_basic
D:2:      layout_basic, basic_altar
D:3:      layout_loops_ring, minmay_misc_feat_rugged
D:4:      layout_gridville, nicolae_overflow_crystal_walls,
          minmay_temple_entry_statues_pillars, hangedman_decor_push,
          minmay_gold_behind_fungi, minmay_misc_feat_roman
D:5:      layout_rooms, jmf_multi_god_temple2, uniq_pikel
Temple:   compressed_dpeg_triangle_lava_temple

Skill      XL: |  1  2  3  4  5  6 |
---------------+-------------------+-----
Armour         | 1 2 3 |  3.0
Fighting       | 3 4 |  4.0
Dodging        | 3 |  3.6
Ranged Weapons | 5 |  5.5
Stealth        | |  0.8
Invocations    | |  0.5

Action                     |  1- 3 |  4- 6 || total
---------------------------+-------+-------++-------
  Melee: Shortbow          |       |     6 ||     6
   Fire: Shortbow          |   100 |   178 ||   278
Ability: Hop               |       |     3 ||     3
    Use: Scroll            |       |     1 ||     1
 Armour: Leather armour    |     5 |       ||     5
         Scale mail        |    30 |    69 ||    99
  Dodge: Dodged            |    37 |    63 ||   100

Table legend: (Time is in decaauts)
 A = Elapsed time spent in this place.
 B = Non-inter-level travel time spent in this place.
 C = Inter-level travel time spent in this place.
 D = Time resting spent in this place.
 E = Time spent auto-exploring this place.
 F = Levels seen in this place.
 G = Mean time per level.
                   A        B        C        D        E       F      G
               +--------+--------+--------+--------+--------+-----+--------+
         Total |   3585 |   3271 |    314 |    182 |   2408 |   6 |  597.5 |
       Dungeon |   3484 |   3186 |    298 |    182 |   2348 |   5 |  696.8 |
        Temple |    101 |     85 |     16 |      0 |     60 |   1 |  101.0 |
               +--------+--------+--------+--------+--------+-----+--------+

Top non-repeatable levels by time:
     D:4: 1186 daAuts
     D:3: 810 daAuts
     D:2: 776 daAuts
     D:1: 679 daAuts
  Temple: 101 daAuts
     D:5: 30 daAuts
